Map: Eternal Empire LE

Players

BlyOnFire (Bly)

  • Race: Zerg Zerg
  • Spawn Location: 1:00

Arctur - Winner!

  • Race: Terran Terran
  • Spawn Location: 7:00

Event: DreamHack SC2 Masters 2020 Summer Europe

VOD

Have the link to the VOD?

Description

Time

  • Played on: July 4, 2020, 11:36 a.m.
  • Length: 16:03

All games in this series

Show
View Real Time Build Order
Export as new Build Order

BlyOnFire Zerg 

Build Orders: Hatch First, Ravager All-In 

Get SALT Encoding   

  12  0:01  Drone  
  14  0:14  Drone  
  14  0:35  Hatchery  
  13  0:52  Spawning Pool  
  13  0:55  Drone  
  13  1:00  Drone  
  14  1:07  Extractor  
  14  1:08  Drone  
  14  1:14  Drone, Extractor  
  14  1:20  Overlord  
  14  1:39  Roach Warren  
  13  1:40  Drone  
  13  1:43  Drone  
  15  1:48  Zergling x2  
  16  1:54  Drone  
  17  2:10  Overlord  
  17  2:22  Roach x2  
  21  2:28  Roach  
  25  2:37  Roach  
  25  2:47  Roach  
  27  2:56  Ravager  
  27  2:58  Roach  
  29  3:01  Ravager  
  29  3:04  Ravager  
  31  3:14  Roach  
  31  3:16  Ravager  
  31  3:18  Overlord  
  34  3:35  Drone x2  
  34  3:39  Ravager x2  
  38  3:54  Roach x2  
  31  4:21  Roach x3  
  37  4:35  Drone x3, Ravager x2  
  42  4:39  Overlord  
  42  4:49  Ravager  
  40  4:55  Roach x2  
  39  5:09  Roach  
  33  5:21  Roach  
  29  5:22  Drone x2  
  29  5:23  Drone  
  29  5:25  Ravager  
  29  5:28  Roach  
  35  5:31  Queen  
  35  5:34  Ravager  
  38  5:46  Queen  
  40  6:00  Roach x3  
  40  6:03  Overlord  
  37  6:25  Metabolic Boost  
  34  6:26  Drone x2  
  36  6:34  Queen  
  36  6:38  Roach  
  40  6:44  Roach  
  40  6:46  Zergling x6  
  45  6:56  Roach  
  45  6:58  Zergling x6  
  46  7:08  Ravager x2  
  46  7:13  Overlord x2  
  46  7:20  Roach x2  
  50  7:28  Overlord  
  50  7:32  Overlord  
  50  7:38  Overlord  
  47  7:45  Queen  
  47  7:47  Zergling x4  
  52  7:51  Ravager x3  
  54  8:00  Roach x2  
  54  8:04  Zergling x4  
  49  8:27  Roach x5  
  49  8:33  Drone x2  
  60  8:40  Ravager  
  61  8:45  Spore Crawler  
  61  8:48  Ravager  
  61  8:54  Ravager  
  62  8:57  Drone x2  
  62  9:00  Spore Crawler  
  62  9:01  Zergling x6  
  62  9:02  Spore Crawler  
  65  9:08  Queen  
  67  9:22  Drone x3  
  70  9:36  Drone  
  71  9:48  Hatchery  
  66  9:57  Drone x7  
  71  10:10  Zergling x2  
  72  10:19  Ravager x3  
  75  10:23  Evolution Chamber  
  75  10:25  Spore Crawler  
  73  10:37  Drone x2  
  73  10:38  Overlord x2  
  75  10:50  Zerg Ground Armor Level 1  
  75  10:51  Overlord x2  
  75  11:01  Overlord  
  73  11:04  Drone x3  
  73  11:07  Queen  
  77  11:17  Zergling x12  
  81  11:26  Drone x2  
  80  11:55  Lair  
  80  11:57  Extractor  
  80  11:59  Zergling x6  
  80  12:00  Hatchery  
  81  12:04  Spore Crawler  
  77  12:27  Zergling x20  
  85  12:31  Spore Crawler  
  83  12:41  Extractor  
  82  12:50  Zergling x10  
  87  12:52  Overlord  
  78  13:04  Spawning Pool  
  77  13:10  Overseer  
  77  13:14  Drone  
  78  13:20  Drone x2  
  78  13:21  Drone  
  78  13:25  Drone  
  82  13:28  Zerg Ground Armor Level 2  
  82  13:33  Infestation Pit  
  59  13:59  Zergling x22  
  59  14:00  Zergling x2  
  67  14:05  Queen  
  68  14:11  Roach Warren  
  56  14:28  Infestor x2  
  60  14:38  Extractor  
  59  14:40  Hatchery  
  52  15:02  Zergling x14  
  59  15:07  Extractor  
  53  15:17  Zergling x4  
  53  15:18  Zergling x2  
  54  15:25  Zergling x2  
  42  15:44  Zergling x12  
Show
View Real Time Build Order
Export as new Build Order

Arctur Terran - Winner!

Build Orders: Reaper Expand 

Get SALT Encoding   

  12  0:00  SCV  
  13  0:13  SCV  
  14  0:17  Supply Depot  
  14  0:25  SCV  
  15  0:39  SCV  
  15  0:40  Barracks  
  16  0:44  Refinery  
  16  0:51  SCV  
  17  1:03  SCV  
  18  1:15  SCV  
  19  1:28  Orbital Command, Reaper  
  20  1:40  Command Center  
  20  1:48  Supply Depot  
  20  1:53  SCV  
  21  1:59  Marine  
  22  2:05  SCV  
  23  2:11  Factory  
  23  2:17  Marine, SCV  
  23  2:22  Bunker  
  25  2:28  Refinery  
  25  2:29  SCV  
  26  2:36  Bunker  
  26  2:38  Marine  
  26  2:42  SCV  
  28  2:54  SCV  
  28  2:55  Orbital Command  
  29  3:02  Marine, Factory Tech Lab  
  30  3:20  Starport  
  30  3:26  Cyclone  
  34  3:34  SCV  
  34  3:39  Orbital Command, Marine  
  35  3:44  Supply Depot  
  35  3:46  SCV  
  36  3:59  Supply Depot  
  36  4:06  Siege Tank, SCV  
  26  4:17  Marine  
  26  4:18  SCV  
  25  4:25  SCV  
  25  4:30  SCV  
  24  4:39  Cyclone  
  24  4:42  SCV  
  27  4:50  SCV  
  24  5:08  SCV  
  24  5:10  SCV  
  16  5:20  SCV  
  15  5:22  Cyclone, SCV  
  15  5:26  Marine  
  20  5:32  SCV  
  20  5:34  SCV  
  22  5:41  Supply Depot  
  22  5:44  SCV  
  22  5:46  SCV  
  24  5:51  Medivac  
  24  5:56  SCV  
  27  5:58  SCV  
  28  6:08  SCV  
  28  6:09  Cyclone  
  27  6:20  SCV  
  27  6:25  SCV  
  27  6:32  SCV  
  29  6:45  SCV x2  
  31  6:49  Supply Depot  
  31  6:57  Starport Tech Lab, SCV  
  31  6:58  SCV  
  31  6:59  Cyclone  
  36  7:10  SCV  
  36  7:11  SCV  
  38  7:16  Banshee  
  38  7:21  Barracks  
  41  7:26  Orbital Command, SCV  
  42  7:42  Siege Tank  
  42  7:44  SCV  
  45  7:51  SCV  
  45  7:53  Barracks  
  45  7:56  SCV  
  47  8:01  Supply Depot  
  47  8:03  Banshee  
  49  8:23  SCV  
  48  8:33  Siege Tank  
  44  8:35  Marine, SCV  
  44  8:41  Supply Depot  
  46  8:43  Orbital Command  
  46  8:47  SCV  
  47  8:59  SCV  
  47  9:02  Orbital Command, Barracks Tech Lab  
  49  9:11  SCV  
  49  9:12  Siege Tank  
  52  9:23  Stimpack, Marine, SCV  
  52  9:24  Marine  
  55  9:33  Bunker  
  55  9:36  SCV x2  
  57  9:41  Combat Shield  
  57  9:43  Barracks  
  57  9:48  SCV x2  
  59  9:59  Marine, Bunker  
  58  10:00  Marine, Bunker, SCV x2  
  58  10:06  Medivac  
  64  10:12  SCV x2  
  66  10:19  Marine x2  
  68  10:27  SCV  
  68  10:28  SCV  
  70  10:29  Engineering Bay  
  70  10:33  Supply Depot  
  69  10:37  Barracks Reactor  
  69  10:38  Marine x2  
  69  10:40  SCV, Medivac  
  69  10:41  SCV  
  75  10:56  Marine x2, Command Center  
  77  11:03  Siege Tank  
  80  11:14  Marine x2  
  82  11:23  SCV  
  82  11:24  Marine x2, SCV  
  83  11:31  Marine  
  84  11:35  SCV  
  84  11:36  SCV  
  83  11:47  SCV  
  83  11:48  Marine x2  
  83  11:50  Terran Infantry Weapons Level 1  
  83  11:51  Refinery x2  
  83  11:52  Engineering Bay  
  86  12:04  Supply Depot  
  86  12:06  Siege Tank, Marine x3, SCV x2  
  86  12:07  Starport Reactor  
  86  12:08  Marine  
  95  12:09  Orbital Command  
  95  12:18  SCV  
  95  12:21  SCV  
  95  12:24  Marine x2  
  97  12:33  Marine x2  
  99  12:37  Orbital Command  
  99  12:38  Siege Tank, Terran Infantry Armor Level 1  
  99  12:41  Barracks  
  99  12:42  Marine x2  
  99  12:43  Barracks  
  99  12:44  Medivac  
  102  13:00  Marine x2  
  102  13:01  Marine x2  
  103  13:11  Siege Tank, SCV  
  103  13:12  SCV  
  106  13:13  SCV  
  106  13:18  Marine x4  
  111  13:24  SCV x2  
  113  13:34  SCV  
  113  13:36  Marine x2, SCV  
  113  13:37  Barracks Reactor x2  
  113  13:39  Orbital Command, Armory  
  117  13:44  Marine  
  117  13:46  Marine  
  105  13:51  SCV x2  
  105  13:54  Marine x2  
  98  14:03  SCV  
  98  14:04  Marine x2, SCV  
  98  14:05  SCV  
  99  14:13  Marine x2  
  99  14:15  SCV  
  99  14:16  SCV  
  101  14:17  SCV  
  93  14:25  Marine x4  
  93  14:28  Marine x2, SCV x2  
  93  14:29  SCV  
  93  14:31  Siege Tank, Supply Depot  
  105  14:32  Supply Depot, Marine  
  105  14:37  Marine  
  107  14:43  Marine x3  
  107  14:44  SCV  
  106  14:47  SCV  
  106  14:48  SCV  
  105  14:56  SCV  
  105  14:58  Marine x2  
  105  15:05  SCV  
  106  15:14  Marine x2  
  108  15:24  Marine x4  
  112  15:32  Marine x4  
  112  15:43  Marine x4  
Tags
 
Add a new tag
Caveats
  • Supply blocks, unpowered buildings, or Contaminate may cause inaccurate times.
  • Supply counts are checked every 10 seconds.